 Dungeon Crawl Stone Soup version 0.31.0-10-gcf4a605ca0 (webtiles) character file.

Game seed: 16882291801929452212

44 SnakkuSnakku7 the Caller (level 3, -4/29 HPs)
             Began as a Ghoul Summoner on Jan 26, 2024.
             Slain by an orc
             ... wielding a +3 hand axe
              (6 damage)
             ... on level 2 of the Dungeon.
             The game lasted 00:01:23 (1279 turns).

SnakkuSnakku7 the Caller (Ghoul Summoner)           Turns: 1279, Time: 00:01:24

Health: -4/29      AC:  3    Str: 13    XL:     3   Next: 62%
Magic:  5/5        EV: 11    Int: 14    God:
Gold:   167        SH:  5    Dex:  9    Spells: 4/5 levels left

rFire   . .          .
                       - Unarmed
rCold   + . .        k - +2 buckler
rNeg    + + +        a - +0 robe
rPois   ∞            g - +0 helmet
rElec   .            (no cloak)
rCorr   .            (no gloves)
SInv    .            (no boots)
Will    .....        (no amulet)
Stlth   ++           (no ring)
HPRegen 0.00/turn    (no ring)
MPRegen 0.09/turn

%: no passive effects
@: inhibited regen
A: claws 1, cold resistance 1, negative energy resistance 3, inhibited
regeneration, torment resistance 2, devour on kill
a: no special abilities


You were on level 2 of the Dungeon.
You visited 1 branch of the dungeon, and saw 3 of its levels.

You collected 167 gold pieces.

Inventory:

Armour
 a - a +0 robe (worn)
 g - a +0 helmet (worn)
 k - a +2 buckler (worn)
Scrolls
 d - 2 scrolls of fear {unknown}
 e - 3 scrolls of teleportation {unknown}
Potions
 b - a potion of magic
 c - 2 potions of enlightenment {unknown}
 f - 2 potions of might {unknown}
 h - a potion of attraction {unknown}
 i - a potion of heal wounds {unknown}
 j - a potion of cancellation {unknown}


   Skills:
 + Level 2.3 Fighting
 - Level 1.7 Dodging
 - Level 2.1 Stealth
 + Level 2.3 Unarmed Combat
 - Level 1.7 Spellcasting
 - Level 3.6 Summonings


You had 4 spell levels left.
You knew the following spells:

 Your Spells              Type           Power      Damage    Failure   Level
a - Summon Small Mammal   Summ           44%        N/A       8%          1

Your spell library contained the following spells:

 Spells                   Type           Power      Damage    Failure   Level
 Call Imp                 Summ           22%        N/A       12%         2
 Call Canine Familiar     Summ           11%        N/A       24%         3
 Blink                    Tloc           2%         N/A       45%         2
 Lesser Beckoning         Tloc           2%         N/A       45%         2
 Momentum Strike          Conj/Tloc      2%         3d8       45%         2
 Tukima's Dance           Hex            1%         N/A       71%         3
 Summon Blazeheart Golem  Fire/Summ      6%         N/A       86%         4
 Summon Lightning Spire   Summ/Air       6%         N/A       86%         4
 Dimensional Bullseye     Hex/Tloc       0%         N/A       98%         4
 Iskenderun's Mystic Bla  Conj/Tloc      1%         2d3       98%         4


Dungeon Overview and Level Annotations

Branches:
Dungeon (3/15)

Altars:


Innate Abilities, Weirdness & Mutations

You are immune to poison.
You have sharp fingernails.
Your flesh is cold resistant. (rC+)
You are immune to negative energy. (rN+++)
You do not regenerate when monsters are visible.
You are immune to unholy pain and torment.
You thrive by killing the living.


Message History

An orc comes into view. It is wielding a +0 short sword.
An orc is nearby!
An orc is nearby!
Found a scroll labelled JODONKO MUEP.
The orc shouts!
You hear a shout! x3
An orc and an orc wizard come into view.
The orc closely misses you.
The orc wizard moves out of view.
You scratch the orc.
The orc is heavily wounded.
The orc hits you with a +0 short sword.
You barely miss the orc.
The orc is heavily wounded.
An orc priest comes into view. It is wielding a +0 hand axe.
The orc hits you with a +0 short sword.
You claw the orc!
You kill the orc!
You feel better.
An orc priest and an orc come into view.
Found a stone staircase leading up.
The orc priest shouts!
The orc shouts!
A giant cockroach comes into view.
The orc hits you with a +3 hand axe.
The orc priest moves out of view.
The orc moves out of view.
The orc attacks as it pursues you! The orc barely misses you.
The orc attacks as it pursues you! The orc barely misses you.
There is a stone staircase leading down here.
The orc priest invokes the aid of Beogh against you.
Beogh smites you!
* * * LOW HITPOINT WARNING * * *
The orc attacks as it pursues you! The orc closely misses you.
The orc attacks as it pursues you! The orc closely misses you.
There is a stone staircase leading up here.
The orc hits you with a +3 hand axe.
* * * LOW HITPOINT WARNING * * *
You climb upwards.
There is a stone staircase leading down here.
You scratch the orc.
The orc is heavily wounded.
The orc hits you with a +3 hand axe.
You die...

####....####..###......#
###.........##......#
##...###.#.##......#
##.....##.#.##......#
#..>....#.#..#......#
#.....(.#.#.........#
####......÷#.###.......#
#...........)....(.....#
#.###......#.###@......#
................o......#
..##.......#.##>...#.#.#
.#.........#.###...#.#.####
...##.....................#
..####......#####....######
..####.##..### ##......###
..#..........# #.....#...##
..#.###......# #..##.###..#


You could see an orc.

Vanquished Creatures
  An adder (D:3)
  A dart slug (D:1)
  2 orcs (D:3)
  3 bats
  An endoplasm (D:2)
  2 giant cockroaches
  4 hobgoblins
  A kobold (D:1)
  2 quokkas (D:1)
  A ball python (D:2)
  7 goblins
  3 rats (D:2)
28 creatures vanquished.

Notes
Turn   | Place    | Note
-------+----------+-------------------------------------------
     0 | D:1      | SnakkuSnakku7 the Ghoul Summoner began the quest for the
                  | Orb.
     0 | D:1      | Reached XP level 1. HP: 14/14 MP: 3/3
   125 | D:1      | Reached skill level 1 in Fighting
   125 | D:1      | Reached skill level 1 in Unarmed Combat
   138 | D:1      | Reached XP level 2. HP: 16/23 MP: 4/4
   938 | D:2      | Reached XP level 3. HP: 29/29 MP: 5/5
  1279 | D:2      | Slain by an orc

Illustrated notes

Levels and vault maps discovered:
D:1:      minmay_arrival_open_corners, layout_basic
D:2:      layout_rooms
D:3:      layout_loops_ring, tgw_sif

Skill      XL: |  1  2  3 |
---------------+----------+-----
Fighting       | 1 2 |  2.3
Unarmed Combat | 1 2 |  2.3
Dodging        | |  1.7
Stealth        | |  2.1
Spellcasting   | |  1.7
Summonings     | |  3.6

Action                     || total
---------------------------++-------
  Melee: Unarmed           ||   113
   Stab: Sleeping          ||     1
 Armour: Robe              ||    61
  Dodge: Dodged            ||    80
  Block: Buckler           ||     3
